 Dungeon Crawl Stone Soup version 0.18.1-50-g88ac8fd (webtiles) character file.

1 ololoev the Digger (level 1, 0/10 HPs)
             Began as a Deep Elf Earth Elementalist on Dec 5, 2016.
             Slain by an ice beast (1 damage)
             ... on level 4 of the Dungeon.
             The game lasted 00:01:08 (136 turns).

ololoev the Digger (Deep Elf Earth Elementalist)     Turns: 136, Time: 00:01:08

Health: 0/10       AC:  2    Str:  5    XL:     1   Next: 16%
Magic:  3/6        EV: 13    Int: 19    God:
Gold:   27         SH:  0    Dex: 15    Spells: 1 memorised, 5 levels left

rFire  . . .     SeeInvis .     b - 36 stones
rCold  . . .     Gourm    .     a - +0 robe
rNeg   . . .     Faith    .     (no shield)
rPois  .         Spirit   .     (no helmet)
rElec  .         Dismiss  .     (no cloak)
rCorr  .         Reflect  .     (no gloves)
SustAt .         Harm     .     (no boots)
MR     .....                    (no amulet)
Stlth  ++........               (no ring)
                                (no ring)

@: not resistant to hostile enchantments, unstealthy
A: no striking features
a: no special abilities

Inventory:

Missiles
 b - 36 stones (in hand)
Armour
 a - a +0 robe (worn)
Scrolls
 f - 2 scrolls of teleportation {unknown}
 j - a scroll of identify {unknown}
Potions
 e - a potion of cure mutation {unknown}
 h - a potion of magic {unknown}
 i - a potion of might {unknown}
Books
 c - a book of Geomancy

   Spells                             Type                      Level
   a - Sandblast                      Earth                        1
   b - Passwall                       Transmutation/Earth          2
   c - Stone Arrow                    Conjuration/Earth            3
   d - Petrify                        Transmutation/Earth          4
   e - Lee's Rapid Deconstruction     Earth                        5
Comestibles
 d - a bread ration


   Skills:
 - Level 2.4 Dodging
 - Level 2.4 Stealth
 * Level 3.0 Spellcasting
   Level 1.1 Transmutations
 + Level 3.3 Earth Magic


You had 5 spell levels left.
You knew the following spells:

 Your Spells              Type           Power        Failure   Level  Hunger
a - Sandblast             Erth           ###...       4%          1    None


You were on level 4 of the Dungeon.
You were not hungry.

You visited 1 branch of the dungeon, and saw 4 of its levels.

You collected 27 gold pieces.

..Y. ..# #.#.# #..#
#.# #.#.#
#..###.###.#.#####
#..##...##........
#.................
#####...##.####.#
##.##.#.###?#.##
#.#.###........
########.##@#(###...##
#........###Y## ...
#.######## #.# # #<#
#.# #.# #.# #.# $.#
#.. ### ###

Notes
Turn   | Place    | Note
--------------------------------------------------------------
     0 | D:1      | ololoev the Deep Elf Earth Elementalist began the quest for the Orb.
     0 | D:1      | Reached XP level 1. HP: 10/10 MP: 6/6
   114 | D:4      | Noticed an ice beast
   136 | D:4      | Slain by an ice beast

Dungeon Overview and Level Annotations

Branches:
Dungeon (4/15)
 Temple: D:4-7

Altars:


Message History

Found 12 gold pieces.
Found a stone staircase leading down.
You now have 12 gold pieces.
There is a stone staircase leading down here.
You climb downwards.
Found a stone staircase leading down.
There is a stone staircase leading up here.
There is a stone staircase leading down here.
You climb downwards.
Found a throwing net and 21 stones.
Found a stone staircase leading down and a stone staircase leading up.
There is a stone staircase leading up here.
Found a scroll labeled MAANEIS XEMA.
A goblin comes into view. It is wielding a club.
The goblin shouts!
You see here 21 stones.
b - 40 stones (gained 21)
You see here a throwing net.
g - a throwing net
Casting: Sandblast
Confirm with . or Enter, or press ? or * to list all spells.
Aiming: Sandblast
Press: ? - help, Shift-Dir - straight line, f - goblin
Aim: a goblin, wielding a club The rocky blast hits the goblin.
You kill the goblin!
Things that are here:
a club; a goblin corpse
Found 15 gold pieces.
f - 2 scrolls labeled MAANEIS XEMA (gained 1)
You now have 27 gold pieces (gained 15).
There is a stone staircase leading up here.
You climb upwards.
There is a stone staircase leading down here.
You climb downwards.
There is a stone staircase leading up here.
There is a stone staircase leading down here.
You climb downwards.
Found a viscous puce potion.
There is a stone staircase leading up here.
h - a viscous puce potion
Found a murky emerald potion.
Found a scroll labeled ORHADO SIST.
i - a murky emerald potion An ice beast comes into view.
You see here a scroll labeled ORHADO SIST.
j - a scroll labeled ORHADO SIST You aren't carrying any items that you can evoke.
Unknown command.
Found a scroll labeled AHELIO LOLOSYMORGH.
Casting: Sandblast
Confirm with . or Enter, or press ? or * to list all spells.
Aiming: Sandblast
Press: ? - help, Shift-Dir - straight line, f - ice beast
Aim: an ice beast The rocky blast misses the ice beast.
Casting: Sandblast
Confirm with . or Enter, or press ? or * to list all spells.
Aiming: Sandblast
Press: ? - help, Shift-Dir - straight line, f/p - ice beast
Aim: an ice beast The rocky blast hits the ice beast.
Found 9 gold pieces.
Quiver which item? (- for none, * to show all) (? for menu, Esc to quit)
Quivering
g - a throwing net for throwing.
Casting: Sandblast
Confirm with . or Enter, or press ? or * to list all spells.
Aiming: Sandblast
Press: ? - help, Shift-Dir - straight line, f/p - ice beast
Aim: an ice beast The rocky blast hits the ice beast.
Throwing (i - inventory. (,) - cycle):
g - a throwing net (quivered)
Press: ? - help, Shift-Dir - straight line, f/p - ice beast
Aim: an ice beast You throw a throwing net.
The throwing net closely misses the ice beast.
The ice beast hits you. The ice beast freezes you!
Ouch! That really hurt!
The ice beast hits you.
You die...

You could see an ice beast.

Vanquished Creatures
  A ball python (D:1)
  A goblin (D:3)
2 creatures vanquished.

Action                   || total
-------------------------++-------
Throw: Throwing net      ||     1
 Cast: Sandblast         ||     5

Vault maps used:
D:1:      evilmike_arrival_crescent
D:2:      grunt_temple_overflow_open, ecumenical_altar_2
